 Dungeon Crawl Stone Soup version 0.13-a0-1585-g6f4f798 (webtiles) character file.

288 Aelig the Magician (level 5, -7/35 HPs)
             Began as a High Elf Skald on June 12, 2013.
             Killed by divine providence
             ... invoked by an orc priest
              (13 damage)
             ... on Level 4 of the Dungeon.
             The game lasted 00:18:06 (3515 turns).

Aelig the Magician (High Elf Skald)                 Turns: 3515, Time: 00:18:08

HP  -7/35        AC  4     Str 11      XL: 5   Next:  2%
MP   8/15        EV 10     Int 16      God:
Gold 148         SH  0     Dex 15      Spells:  3 memorised,  8 levels left

Res.Fire  : . . .   See Invis. : .   i - +3,+0 elf short sword
Res.Cold  : . . .   Warding    : .   b - +0 elf leather armour
Life Prot.: . . .   Conserve   : .   (no shield)
Res.Poison: .       Res.Corr.  : .   (no helmet)
Res.Elec. : .       Clarity    : .   (no cloak)
Sust.Abil.: . .     Spirit.Shd : .   (no gloves)
Res.Mut.  : .       Stasis     : .   q - +0 pair of boots
Res.Rott. : .       Flight     : .   (no amulet)
Saprovore : . . .                    (no ring)
                                     (no ring)

@: very slightly contaminated, shrouded, slightly resistant to hostile
enchantments, unstealthy
A: no striking features
a: no special abilities


You were on level 4 of the Dungeon.
You were not hungry.

You visited 1 branch of the dungeon, and saw 4 of its levels.

You collected 128 gold pieces.

Inventory:

Hand weapons
 a - a +1,+1 elven short sword
 i - a +3,+0 elven short sword (weapon)
Missiles
 h - 18 arrows
 k - 125 stones (quivered)
Armour
 b - a +0 elven leather armour (worn)
 q - a +0 pair of boots (worn)
Magical devices
 r - a wand of fire (5) {unknown}
Comestibles
 f - a bread ration
Scrolls
 e - a scroll of remove curse {unknown}
 g - 6 scrolls of identify {unknown}
 j - a scroll of blinking {unknown}
 m - a scroll of enchant weapon I {unknown}
 o - 3 scrolls of fear {unknown}
 s - 2 scrolls of teleportation {unknown}
Jewellery
 p - an uncursed amulet of faith {unknown}
Potions
 d - a potion of berserk rage
 l - a potion of might {unknown}
 n - a potion of slowing {unknown}
 t - a potion of brilliance {unknown}
Books
 c - a book of War Chants

   Spells                             Type                      Level
   Fire Brand                         Charms/Fire                  2
   Freezing Aura                      Charms/Ice                   2
   *Shroud of Golubria                Charms/Translocation         2
   *Repel Missiles                    Charms/Air                   2
   Poison Weapon                      Charms/Poison                3
   *Regeneration                      Charms/Necromancy            3


   Skills:
 - Level 2.0 Fighting
 - Level 2.4 Short Blades
 - Level 0.8 Armour
 - Level 1.1 Dodging
 + Level 5.9 Spellcasting
 - Level 3.6 Charms


You had 8 spell levels left.
You knew the following spells:

 Your Spells              Type           Power        Failure   Level  Hunger
a - Repel Missiles        Chrm/Air       ##........   12%         2    #......
b - Shroud of Golubria    Chrm/Tloc      ##........   12%         2    #......
c - Regeneration          Chrm/Necr      ##........   21%         3    ###....


Dungeon Overview and Level Annotations

Branches:
Dungeon (4/27)
 Temple: D:4-7

Altars:
Kikubaaqudgha

Annotations
D:2 Sigmund
D:3 Grinder
D:4 Bastard's ghost, average OpMo


Message History

Your skin stops crawling.
Your shroud bends the orc priest's attack away!
You hit the orc priest but do no damage.
The orc priest is moderately wounded.
The orc priest barely misses you.
You hit the orc priest but do no damage.
The orc priest is moderately wounded.
The orc priest calls down the wrath of Beogh upon you.
Something smites you!
* * * LOW HITPOINT WARNING * * *
Drink which item? (? for menu, Esc to quit)
Okay, then.
Casting: Shroud of Golubria
Confirm with . or Enter, or press ? or * to list all spells.
You miscast Regeneration.
You are very lightly contaminated with residual magic.
You hear strange and distant voices.
The orc priest mumbles some strange prayers to Beogh against you.
Something smites you!
You die...

##p###.##......###
#......##.#....#
#..###.##.#.####
#.r###......# ...#......###
.......### ..#....# #######
.###.#.# #########.....#
..#..#.# #..@op.##.###.#
....##.#
#.####......#.######
...p...#
#....#..#.#.........
##...###
##.......#.....###### #...#
#.......######## ### #...#
#.......# #.. #...#
#.......####### #.#
##...###### #.##.#..#.....#
#.#
..........###.#.....#.....#
#..


You could see an orc priest and Bastard's ghost.

Vanquished Creatures
  A worker ant (D:3)
  Terence (D:3)
  4 adders
  A bat skeleton (D:4)
  An ooze (D:2)
  6 bats
  4 giant cockroaches
  5 hobgoblins
  3 jackals (D:2)
  2 quokkas
  3 giant geckos
  4 giant newts
  9 goblins
  9 kobolds
  An orc skeleton (D:4)
  5 rats
59 creatures vanquished.

Vanquished Creatures (others)
  A goblin (D:1)
1 creature vanquished.

Grand Total: 60 creatures vanquished

Notes
Turn   | Place    | Note
--------------------------------------------------------------
     0 | D:1      | Aelig, the High Elf Skald, began the quest for the Orb.
     0 | D:1      | Reached XP level 1. HP: 14/14 MP: 2/2
   294 | D:1      | Reached XP level 2. HP: 13/19 MP: 4/4
  1004 | D:2      | Reached skill level 4 in Spellcasting
  1014 | D:2      | Reached XP level 3. HP: 20/24 MP: 6/8
  1046 | D:2      | Found an ancient bone altar of Kikubaaqudgha.
  1283 | D:2      | Learned a level 2 spell: Repel Missiles
  1286 | D:2      | Learned a level 2 spell: Shroud of Golubria
  1290 | D:2      | Learned a level 3 spell: Regeneration
  1693 | D:2      | Noticed Sigmund
  1960 | D:3      | Noticed Grinder
  1960 | D:3      | Paralysed by Grinder for 6 turns
  2121 | D:4      | Reached XP level 4. HP: 15/30 MP: 8/11
  2342 | D:4      | Noticed Bastard's ghost (average OpMo)
  2342 | D:4      | Reached skill level 5 in Spellcasting
  2666 | D:3      | Noticed Terence
  2725 | D:3      | HP: 1/30 [Terence/flail (7)]
  2750 | D:3      | Killed Terence
  3163 | D:3      | Paralysed by Grinder for 3 turns
  3338 | D:3      | Reached XP level 5. HP: 32/35 MP: 15/15
  3390 | D:3      | Paralysed by Grinder for 3 turns
  3515 | D:4      | Killed from afar by an orc priest

Action                   |  1- 3 |  4- 6 || total
-------------------------+-------+-------++-------
Melee: Short sword       |   158 |   151 ||   309
Throw: Stone             |     8 |     1 ||     9
 Cast: Regeneration      |     4 |    13 ||    17
       Shroud of Golubri |     3 |     8 ||    11
       Repel Missiles    |     1 |     4 ||     5
  Use: Potion            |       |     3 ||     3
